[Event "Early-Titled-Tuesday-Blitz-November-28-2023"]
[Site "Chess.com"]
[Date "2023.11.28"]
[Round "11"]
[White "Anton_Demchenko"]
[Black "sokidze"]
[Result "1-0"]
[WhiteElo "2945"]
[BlackElo "2756"]
[TimeControl "180+1"]
[EndTime "10:13:38 PST"]
[Termination "Anton_Demchenko won by resignation"]

1. e4 e5 2. Nf3 Nf6 3. Nxe5 d6 4.
Nf3 Nxe4 5. Qe2 Qe7 6. d3 Nf6 7. Bg5 Qxe2+ 8. Bxe2 Be7 9. Nc3 h6 10. Bd2 Nc6 11. O-O-O Be6 12. d4 O-O-O 13. h3 Nb4 14. a3 Nbd5 15. Nxd5 Nxd5 16. c4 Nf6 17. d5 Bf5 18. Be3 Nd7 19. Nd4 Bg6 20. Bg4 Bf6 21. Nc6 h5 22. Nxa7+ Kb8 23. Bxd7 Rxd7 24. Nb5 Re8 25.
Rhe1 Rde7 26. Ba7+ Kc8 27. Rxe7 Rxe7 28. Be3 Be4 29. Rg1 Kd7 30. b3 g6 31. Kd2 Re8 32.
Nc3 Bxc3+ 33. Kxc3 c6 34. dxc6+ Bxc6 35. h4 Rc8 36.
Kd4 Re8 37. f3 Ra8 38. a4 b6 39. Rd1 Re8 40. Rd3 Re6 41. Kc3 Kc7 42. Kd2 Rf6 43. Bf2 Re6 44. Rd4 Re7 45. Rf4 f5 46. Rd4 Re6 47.
Bg3 Kd7 48. Bf4 Kc7 49. Rd3 Kd7 50. Rc3 Kc7 51. Rc1 Kd7 52. Ra1 Re8 53. Kd3 Kc7 54.
Ra2 Kd7 55. Kc3 Kc7 56. Rd2 Re6 57. Kb2 Kd7 58. Ka3 Kc7 59. b4 Kd7 60. Kb3 Kc7 61.
c5 bxc5 62. bxc5 Kd7 63. cxd6 Re1 64. a5 Rb1+ 65. Kc3 Ra1 66. Re2 Rxa5 67. Re7+ Kd8 68. Rc7 Bd7 69. Rb7 Rc5+ 70. Kd4 Rc8 71. Rb2 Ke8 72.
Re2+ Kf8 73. Bh6+ Kg8 74. Re7 Rd8 75. Kc5 Ba4 76. Rg7+ Kh8 77. Ra7 Be8 78. Bg5 Rc8+ 79. Kd4 Rc1 80. Bxc1 1-0

[Event "Early-Titled-Tuesday-Blitz-November-28-2023"]
[Site "Chess.com"]
[Date "2023.11.28"]
[Round "11"]
[White "MightyGMpretender"]
[Black "wqws"]
[Result "0-1"]
[WhiteElo "2796"]
[BlackElo "2609"]
[TimeControl "180+1"]
[EndTime "10:14:04 PST"]
[Termination "wqws won by checkmate"]

1. Nf3 Nf6 2. c4 g6 3. Nc3 Bg7 4. e4 d6 5. d4 O-O 6. h3 e5 7. d5 a5 8. g4 Na6 9. Be3 Nc5 10. Nd2 c6 11. Be2 cxd5 12. cxd5 Bd7 13. f3 b5 14. Bxb5 Bxb5 15. Nxb5 Nd3+ 16. Kf1 Nd7 17.
Nc4 N7c5 18. Nbxd6 f5 19. gxf5 gxf5 20. Nxf5 Rxf5 21. exf5 Qh4 22. Nd2 Rf8 23. Bxc5 Nxc5 24.
Qc2 Qd4 25. Qc3 Qxd5 26. Qc4 Qxc4+ 27. Nxc4 Rxf5 28. Ke2 Ne6 29. Nd2 Nf4+ 30. Kf1 Nd3 31. Rg1 Kf7 32. Ne4 Bf8 33. Rd1 Nxb2 34. Rd7+ Ke6 35. Rxh7 Rxf3+ 36. Ke2 Ra3 37. Rg6+ Kd5 38. Nf6+ Kc4 39. Rh4+ Kb5 40. Nd7 Bc5 41. Nxc5 Kxc5 42. Rg5 Nc4 43. Rh8 Rxa2+ 44. Kd3 Ra3+ 45. Kc2 Rf3 46.
Rc8+ Kd4 47. Rg4+ e4 48. Rd8+ Ke3 49. Re8 Nd2 50. h4 Rh3 51. Re7 Rh2 52. Kc3 a4 53. Kb4 Kf3 54. Rg8 Rxh4 55. Rf8+ Ke2 56. Kxa4 e3+ 57.
Ka3 Kd3 58. Rd8+ Ke2 59. Kb2 Nf3 60. Ree8 Ng1 61. Kc3 Kf2 62. Kb3 e2 63. Rf8+ Nf3 64.
Rde8 Rh3 65. Kc2 e1=Q 66. Rxe1 Kxe1 67. Re8+ Kf2 68. Kd3 Ne1+ 69. Kc4 Ng2 70. Kd5 Nf4+ 71. Kd4 Ne2+ 72. Kd5 Kf3 73. Rf8+ Ke3 74. Re8+ Kd3 75. Ra8 Rh6 76. Ke5 Rh5+ 77. Kf6 Ke4 78. Kg6 Re5 79.
Kf6 Rf5+ 80. Kg6 Nf4+ 81. Kh6 Rf6+ 82. Kg5 Rg6+ 83. Kh4 Ng2+ 84. Kh5 Rg3 85. Kh6 Nf4 86. Kh7 Kf5 87. Kh6 Rg6+ 88. Kh7 Rg3 89. Rf8+ Ke5 90. Re8+ Ne6 91. Kh6 Kf6 92. Kh5 Ng7+ 93. Kh4 Nf5+ 94. Kh5 Rg5# 0-1

[Event "Early-Titled-Tuesday-Blitz-November-28-2023"]
[Site "Chess.com"]
[Date "2023.11.28"]
[Round "11"]
[White "Artem_Sadovsky"]
[Black "Nikolakis2014"]
[Result "1/2-1/2"]
[WhiteElo "2562"]
[BlackElo "2786"]
[TimeControl "180+1"]
[EndTime "10:14:55 PST"]
[Termination "Game drawn - insufficient material"]

1. Nf3 Nf6 2. e3 g6 3. b3 Bg7 4. Bb2 d6 5. Be2 O-O 6. O-O c5 7. c4 Nc6 8. d4 Bg4 9. d5 Nb8 10. Nbd2 e6 11. dxe6 Bxe6 12. e4 Nc6 13. Qc2 Qe7 14.
Rad1 Rad8 15. Rfe1 Rfe8 16. h3 Nh5 17. Bxg7 Kxg7 18.
Qc3+ Qf6 19. Qxf6+ Kxf6 20. e5+ dxe5 21. Ne4+ Kg7 22. Nxc5 Bc8 23. Bf1 Rxd1 24. Rxd1 e4 25. Ne1 f5 26. Nc2 Nf6 27. b4 Ne5 28. Nb3 Be6 29. c5 Nd5 30. Nbd4 Nc3 31. Nxe6+ Rxe6 32. Rd2 f4 33. Nd4 Re7 34. Rc2 Nd5 35. a3 Nc6 36. Nxc6 bxc6 37. b5 cxb5 38. Bxb5 Kf6 39. c6 Nc7 40. a4 Ke5 41. Rd2 Ne6 42. Kf1 Nd4 43. Rd1 a6 44. Bxa6 Nxc6 45. Bb5 Nd4 46.
Rc1 e3 47. fxe3 fxe3 48. Ke1 Ke4 49. Bc6+ Kd3 50. Bb5+ Ke4 51. Bc6+ Kf4 52. Rc4 Ke5 53. Rc5+ Kf4 54. Rc4 Ke5 55. Rc5+ Ke6 56. a5 Rf7 57. a6 Nxc6 58. Rxc6+ Kd5 59. Rb6 Ra7 60. Ke2 Kc5 61. Re6 Kd4 62. Rd6+ Kc5 63. Rf6 Kd4 64. g4 Rc7 65. Rd6+ Ke4 66. Re6+ Kd4 67. Rxe3 Rc2+ 68. Kf3 Ra2 69. Re6 Ra3+ 70. Kg2 g5 71. Rh6 Ke4 72. Rf6 Ke5 73. Rb6 Kf4 74. Rf6+ Ke4 75. Kf2 Rxh3 76. a7 Ra3 77. Rf7 h6 78. Ke2 Ke5 79. Kd2 Ke6 80.
Rh7 Kd5 81. Kc2 Kc5 82. Kb2 Ra4 83. Kb3 Ra1 84. Rb7 Kc6 85. Rh7 Kb6 86. Rxh6+ Kxa7 87. Rg6 Kb7 88. Rxg5 Kc7 89. Kc4 Kd7 90. Kd5 Ke7 91.
Ke5 Kf7 92. Rf5+ Kg6 93. Rf8 Ra5+ 94. Kf4 Ra4+ 95. Kg3 Ra3+ 96. Kh4 Kg7 97. Rb8 Ra6 98. Rb5 Kg6 99. Rc5 Rd6 100. Rg5+ Kf7 101. Kh5 Rd1 102. Kh6 Rh1+ 103. Rh5 Rg1 104. Rf5+ Kg8 105. g5 Rb1 106. Rf6 Rb8 107. Rd6 Rf8 108. Rd7 Rb8 109. Kg6 Rc8 110. Kh5 Rb8 111. Rd6 Rc8 112. Kh6 Rb8 113. Rd7 Rc8 114.
g6 Rb8 115. Rh7 Rc8 116. Rg7+ Kh8 117. Rf7 Kg8 118. Rg7+ Kh8 119. Rb7 Kg8 120. Rd7 Kh8 121. Rd5 Kg8 122. Rd6 Rb8 123. Kg5 Rc8 124. Kf6 Rb8 125. Rd7 Rc8 126. Ke7 Rb8 127. Rd8+ Rxd8 128. Kxd8 Kg7 129. Ke7 Kxg6 1/2-1/2